[Event "*** Titled Tuesday Blitz"]
[Site "Chess.com"]
[Date "2019.05.07"]
[Round "7"]
[White "AryanTari"]
[Black "Ambitiousresolutions"]
[Result "1-0"]
[WhiteElo "2871"]
[BlackElo "2698"]
[TimeControl "180+2"]
[EndTime "14:40:33 PDT"]
[Termination "AryanTari won by resignation"]

1. e4 e5 2. Nf3 Nc6 3. Nc3 Nf6 4.
a3 Be7 5. d4 exd4 6. Nxd4 O-O 7. Bc4 Bc5 8. Be3 Nxd4 9. Bxd4 Bxd4 10. Qxd4 d6 11. O-O-O Qe7 12. Rhe1 Qe5 13. g3 Bg4 14. f4 Qxd4 15. Rxd4 a6 16. e5 Rfe8 17. Rf1 Bh3 18. exf6 Bxf1 19. Bxf1 Re1+ 20. Rd1 Rae8 21. Nd5 Rxd1+ 22. Kxd1 c6 23. Ne7+ Kf8 24. Nf5 g6 25.
Ne7 h6 26. g4 d5 27. g5 hxg5 28. fxg5 Rd8 29. Ke2 Rd6 30. Bh3 c5 31. Ke3 d4+ 32.
Kd3 b5 33. b3 a5 34. a4 c4+ 35.
bxc4 bxa4 36. c5 Rd8 37. c6 a3 38. c7 Ra8 39. Bg2 Re8 40. Bd5 1-0

[Event "*** Titled Tuesday Blitz"]
[Site "Chess.com"]
[Date "2019.05.07"]
[Round "7"]
[White "Jahonas"]
[Black "chessking2151"]
[Result "0-1"]
[WhiteElo "2384"]
[BlackElo "2602"]
[TimeControl "180+2"]
[EndTime "14:40:33 PDT"]
[Termination "chessking2151 won by resignation"]

1. d4 Nf6 2. c4 e6 3. Nf3 b6 4. g3 Ba6 5. b3 Bb4+ 6. Bd2 Be7 7. Bg2 Bb7 8. O-O O-O 9. a4 a5 10. Nc3 d5 11. cxd5 exd5 12. Ne5 Na6 13. Rc1 Re8 14. Nb5 c5 15. Bg5 h6 16. Bxf6 Bxf6 17. Nd3 Qe7 18. e3 Rad8 19. Nf4 Nb4 20. dxc5 bxc5 21. Qf3 Bb2 22.
Rcd1 Ba8 23. Qg4 Be5 24. Rd2 Bc6 25. Rfd1 d4 26. Bxc6 Nxc6 27. exd4 Nxd4 28. Nxd4 Bxd4 29. Nd3 Qf6 30. Qf4 Qb6 31. Qf5 g6 32. Qf4 Kg7 33. h4 Bc3 34. Rc2 Qxb3 35. Rdc1 Rxd3 36. Qc7 Bb4 0-1

[Event "*** Titled Tuesday Blitz"]
[Site "Chess.com"]
[Date "2019.05.07"]
[Round "7"]
[White "maxip32"]
[Black "enriquetejedor"]
[Result "1-0"]
[WhiteElo "2436"]
[BlackElo "2538"]
[TimeControl "180+2"]
[EndTime "14:40:33 PDT"]
[Termination "maxip32 won by resignation"]

1. e4 c5 2. Nf3 e6 3. d3 g6 4. g3 Bg7 5. Bg2 Nc6 6. O-O Nge7 7. Re1 O-O 8. c3 d5 9. Nbd2 Rb8 10. e5 b5 11. d4 cxd4 12. cxd4 b4 13. Nb3 a5 14. Bg5 Ba6 15. Qd2 Qb6 16. Rad1 Bc4 17. Bh6 a4 18.
Nc5 Bxa2 19. Nd7 Qc7 20. Nxf8 Kxf8 21. Qg5 Ng8 22. Bxg7+ Kxg7 23. Rc1 Qb6 24. Qd2 Bc4 25. Bf1 Na5 26. Qc2 a3 27. bxa3 bxa3 28. Bxc4 Nxc4 29.
Rb1 Qa7 30. Rxb8 Qxb8 31. Nd2 Qb4 32. Rd1 Nb2 33. Ra1 Qxd4 34. Rxa3 Qxe5 35. Nf3 Qf6 36. Nd2 Nh6 37. Rb3 Ng4 38. Qxb2 Ne5 39. Kg2 h5 40. Re3 Ng4 41. Qxf6+ Kxf6 42. Rb3 Ne5 43. f4 Nc6 44. Nf3 Ke7 45. Rb6 Nd8 46. Ra6 f6 47. Kf2 Nf7 48. Ra7+ Kf8 49. Nd4 e5 50. Ne6+ Kg8 51. fxe5 Nxe5 52. Ke3 Ng4+ 53. Kd4 Nxh2 54. Kxd5 g5 55. Rg7+ Kh8 56. Rf7 Ng4 57. Nd4 h4 58. gxh4 gxh4 59. Nf3 h3 60. Ke6 h2 61. Nxh2 Nxh2 62.
Kxf6 Ng4+ 63. Kg5 Ne5 64. Re7 Nc6 65. Rc7 Nd4 66. Kg6 1-0

[Event "*** Titled Tuesday Blitz"]
[Site "Chess.com"]
[Date "2019.05.07"]
[Round "7"]
[White "ShimanovAlex"]
[Black "penguingm1"]
[Result "0-1"]
[WhiteElo "2841"]
[BlackElo "2917"]
[TimeControl "180+2"]
[EndTime "14:40:36 PDT"]
[Termination "penguingm1 won by resignation"]

1. c4 e6 2. g3 d5 3. Bg2 Nf6 4. Nf3 Be7 5. d4 O-O 6. Nc3 dxc4 7. Ne5 Qd6 8. O-O Qa6 9. a4 c6 10.
b3 cxb3 11. Qxb3 Nbd7 12. Bg5 h6 13. Bxf6 Bxf6 14. f4 Qb6 15. Qxb6 axb6 16. Rfb1 Nxe5 17. fxe5 Bd8 18. e3 Bc7 19. Ne4 Rd8 20. Ra2 Kf8 21.
Rbb2 Ke7 22. Nd2 Bd7 23. Nc4 Ra6 24. Bf1 Rda8 25. Nd6 Rxa4 26. Rxa4 Rxa4 27. Nxb7 f6 28. Nd6 fxe5 29. dxe5 b5 30. Rd2 Bb6 31. Kf2 Ra3 32. Bd3 Ba5 33. Rd1 Bc3 34. Nb7 Bxe5 35. Nc5 Be8 36.
Bf1 Ra2+ 37. Kf3 Rxh2 38. Rd3 Ra2 39. Bh3 Bh5+ 40. Ke4 Bd6 41. Nxe6 Bg6+ 42. Bf5 Bxf5+ 43. Kxf5 g6+ 0-1

[Event "*** Titled Tuesday Blitz"]
[Site "Chess.com"]
[Date "2019.05.07"]
[Round "7"]
[White "Vamostodorecto"]
[Black "volcanoexplorer"]
[Result "0-1"]
[WhiteElo "2401"]
[BlackElo "2594"]
[TimeControl "180+2"]
[EndTime "14:40:38 PDT"]
[Termination "volcanoexplorer won on time"]

1. d4 Nf6 2. c4 e6 3. Nc3 Bb4 4. a3 Bxc3+ 5. bxc3 d5 6. cxd5 exd5 7. f3 O-O 8. e3 c5 9. Bd3 Nbd7 10. Ne2 Rb8 11.
O-O Re8 12. Ng3 b5 13. Ra2 a5 14. Re2 b4 15. axb4 axb4 16. Bb2 c4 17. Bb1 bxc3 18.
Bxc3 Rb3 19. Qc2 Nb6 20. e4 Na4 21. Ba1 dxe4 22. fxe4 Bg4 23. Ref2 Ra3 24. Ba2 Re7 25. d5 c3 26. h3 Bc8 27. Rxf6 gxf6 28. Nh5 f5 29.
Qc1 Qb6+ 30. Kh1 Rxa2 31. exf5 Qe3 32. Qd1 Qe2 33. Qxe2 Rexe2 34. Nf4 Rf2 35. Rxf2 Rxf2 0-1

[Event "*** Titled Tuesday Blitz"]
[Site "Chess.com"]
[Date "2019.05.07"]
[Round "7"]
[White "kintoho"]
[Black "TargetA"]
[Result "1-0"]
[WhiteElo "2560"]
[BlackElo "2440"]
[TimeControl "180+2"]
[EndTime "14:40:39 PDT"]
[Termination "kintoho won by resignation"]

1. e4 e5 2. Nf3 Nc6 3. d4 exd4 4. c3 dxc3 5. Nxc3 Bb4 6. Bc4 Nge7 7. Ng5 Bxc3+ 8.
bxc3 Ne5 9. Bb3 h6 10. Nf3 Nxf3+ 11. Qxf3 O-O 12. O-O d6 13. Rd1 Be6 14. e5 d5 15. c4 c6 16. Ba3 Re8 17. h3 Qa5 18. Bxe7 dxc4 19. Bd6 cxb3 20. axb3 Qb5 21. Rd3 a5 22.
Re1 a4 23. bxa4 Rxa4 24. Kh2 Ra2 25. Rde3 Qd5 26. Qf4 Qd2 27. Rf1 b5 28. Bb4 Qb2 29. Bc3 Qc2 30. Rg3 Kh7 31. Bd4 c5 32. Be3 Qf5 33. Qxf5+ Bxf5 34. Bxc5 Rxe5 35. Bd4 f6 36. Bxe5 fxe5 37. Rb3 Be6 38. Re3 Bc4 39. Rd1 Rxf2 40.
Rxe5 b4 41. Rd4 Rc2 42. Rc5 b3 43. Rcxc4 b2 44. Rb4 Rc1 45. Rxb2 1-0

[Event "*** Titled Tuesday Blitz"]
[Site "Chess.com"]
[Date "2019.05.07"]
[Round "7"]
[White "Berardino"]
[Black "BvsN"]
[Result "1-0"]
[WhiteElo "2530"]
[BlackElo "2294"]
[TimeControl "180+2"]
[EndTime "14:40:42 PDT"]
[Termination "Berardino won on time"]

1. e4 c5 2. Nf3 e6 3. d4 cxd4 4. Nxd4 a6 5. Nc3 Qc7 6. Be2 b5 7. O-O Bb7 8. Re1 Nc6 9. Nxc6 dxc6 10. e5 Rd8 11. Bd3 c5 12. Qg4 Ne7 13. Bg5 Rd4 14.
Qh3 Nc8 15. Rad1 Be7 16. Qg3 h6 17. Be3 Rxd3 18. Rxd3 g6 19. Bc1 Nb6 20. Ne4 Bxe4 21. Rxe4 c4 22. Rd1 Nd5 23. Ree1 Bc5 24. Qf3 Qe7 25.
Rxd5 exd5 26. Qxd5 O-O 27. Bxh6 Bxf2+ 28. Kxf2 Qh4+ 29. Kf1 Qxh6 30. Kg1 Qh4 31. Rf1 Qg5 32. h3 Kg7 33. Qd4 Kg8 34. Qd6 Rd8 35. Qc7 1-0

[Event "*** Titled Tuesday Blitz"]
[Site "Chess.com"]
[Date "2019.05.07"]
[Round "7"]
[White "AlexandraBotez"]
[Black "GMKrikor"]
[Result "0-1"]
[WhiteElo "2000"]
[BlackElo "2737"]
[TimeControl "180+2"]
[EndTime "14:40:43 PDT"]
[Termination "GMKrikor won by resignation"]

1. d4 Nf6 2. c4 e6 3. Nf3 b6 4. g3 Ba6 5. Qc2 Bb7 6. Bg2 c5 7. e3 cxd4 8. exd4 Be7 9. Nc3 O-O 10. O-O d5 11. cxd5 Nxd5 12. Nxd5 Bxd5 13. Bf4 Nc6 14. a3 Bxf3 15. Bxf3 Nxd4 16. Qe4 Nxf3+ 17. Qxf3 Qd5 18. Qe2 Bf6 19. Rac1 Rac8 20. Rfd1 Qb3 21. Be5 Bxe5 22. Qxe5 h6 23. h4 Qf3 24. Qd4 h5 25. Rxc8 Rxc8 26. Qd3 Qxd3 27. Rxd3 Rc2 28. b3 Rb2 29. a4 a5 30. Kg2 g6 31. Kf3 Kg7 32. Ke3 Kf6 33. Rc3 Ke5 34. Rd3 f6 35. Rc3 g5 36. Kf3 gxh4 37. gxh4 Kd4 38. Re3 e5 39. Kg3 f5 40.
Kf3 f4 41. Re4+ Kd5 42. Re2 Rxb3+ 43. Kg2 f3+ 0-1

[Event "*** Titled Tuesday Blitz"]
[Site "Chess.com"]
[Date "2019.05.07"]
[Round "7"]
[White "vladimirdamjanovic"]
[Black "r31415"]
[Result "0-1"]
[WhiteElo "2542"]
[BlackElo "2378"]
[TimeControl "180+2"]
[EndTime "14:40:44 PDT"]
[Termination "r31415 won by checkmate"]

1. d4 d6 2. e4 Nf6 3. Nc3 g6 4. h4 Bg7 5. Be2 h5 6. Bg5 Nc6 7. Qd2 a6 8. O-O-O O-O 9. Nf3 Qe8 10. e5 Nd7 11. Bh6 dxe5 12. Bxg7 Kxg7 13. g4 hxg4 14. h5 Rh8 15. Nxe5 Ndxe5 16. dxe5 Nxe5 17. Nd5 Qa4 18. Qc3 f6 19. Qxc7 Bd7 20. Nc3 Qc6 21. Qa5 Rxh5 22.
Rxh5 gxh5 23. Nd5 Rc8 24. Qd2 Bf5 25. c3 Rd8 26. Qd4 e6 27. Qf4 Rxd5 28. Rh1 Rd4 29. Qxd4 Qxh1+ 30. Kd2 Qe4 31. Qb6 Qc2+ 32. Ke3 Qe4+ 33.
Kd2 Qf4+ 34. Ke1 Qc1+ 35. Bd1 Nf3+ 36. Ke2 Qd2+ 37. Kf1 Qxd1+ 38. Kg2 Qg1# 0-1

[Event "*** Titled Tuesday Blitz"]
[Site "Chess.com"]
[Date "2019.05.07"]
[Round "7"]
[White "witcher8"]
[Black "Denis_Palkovich"]
[Result "1-0"]
[WhiteElo "2350"]
[BlackElo "2251"]
[TimeControl "180+2"]
[EndTime "14:40:44 PDT"]
[Termination "witcher8 won by resignation"]

1. e4 c6 2. d4 d5 3. e5 c5 4. dxc5 e6 5. Qg4 h5 6. Bb5+ Bd7 7. Bxd7+ Nxd7 8. Qe2 Bxc5 9. Nf3 Ne7 10. O-O Nf5 11.
Rd1 Qc7 12. Nbd2 a6 13. c4 Nb6 14. cxd5 Nxd5 15. Ne4 Be7 16. Bg5 Bxg5 17. Nexg5 Rc8 18. h3 Qc4 19. Qxc4 Rxc4 20. Rac1 Rxc1 21. Rxc1 Ke7 22.
a3 Rd8 23. g3 Nb6 24. Ne4 Rd3 25. Kg2 Na4 26. g4 hxg4 27. hxg4 Nd4 28. Ne1 Rb3 29.
Rc7+ Kd8 30. Rxf7 Nxb2 31. Rxg7 Nc4 32. Nc5 Rxa3 33. Rd7+ Ke8 34. Rxd4 Nxe5 35. Nxe6 b5 36. Re4 Nf7 37. Ng5+ Kf8 38. Rf4 1-0

[Event "*** Titled Tuesday Blitz"]
[Site "Chess.com"]
[Date "2019.05.07"]
[Round "7"]
[White "JonahWillow"]
[Black "xamax2000"]
[Result "1-0"]
[WhiteElo "2725"]
[BlackElo "2624"]
[TimeControl "180+2"]
[EndTime "14:40:47 PDT"]
[Termination "JonahWillow won on time"]

1. e4 c5 2. Nf3 d6 3. d4 cxd4 4. Qxd4 Nf6 5. Nc3 Nc6 6. Bb5 Bd7 7. Bxc6 Bxc6 8. Bg5 e6 9. O-O-O Be7 10. Qd3 Qa5 11. h4 Rc8 12. Nd4 O-O 13. f4 Rfe8 14. Kb1 h6 15. Bxf6 Bxf6 16. g4 Bxd4 17. Qxd4 e5 18.
fxe5 dxe5 19. Qf2 Rcd8 20. Rhf1 Rxd1+ 21. Nxd1 Re7 22. Nc3 Rd7 23. g5 h5 24. a3 Qd8 25.
Qf5 Qe8 26. Rg1 Rd6 27. Qf3 g6 28. Rf1 Qd7 29. b3 Rd4 30. Kb2 a5 31. Qf6 Bxe4 32. Qxe5 Bf5 33. Qb8+ Kh7 34. Rf2 Rd2 35. Qh2 Rd4 36.
Qe5 Rxh4 37. Qxa5 1-0

[Event "*** Titled Tuesday Blitz"]
[Site "Chess.com"]
[Date "2019.05.07"]
[Round "7"]
[White "Alex_Terzi"]
[Black "GCamachoMartinez"]
[Result "0-1"]
[WhiteElo "2484"]
[BlackElo "2385"]
[TimeControl "180+2"]
[EndTime "14:41:01 PDT"]
[Termination "GCamachoMartinez won by resignation"]

1. e4 e5 2. Nf3 Nf6 3. Nxe5 d6 4. Nf3 Nxe4 5. d4 d5 6. Bd3 Be7 7. c4 Nc6 8. Nc3 Nf6 9. O-O O-O 10. h3 Nb4 11. Be2 dxc4 12. Bxc4 Nbd5 13. Ne5 c6 14. Bg5 Be6 15. Bb3 Qc7 16. Qf3 Rad8 17. Rad1 Rfe8 18. Bc2 Nd7 19. Bxe7 Rxe7 20. Nxd7 Rexd7 21. Ne4 Qf4 22. Qd3 Bf5 23. a3 Bxe4 24. Qxe4 Qxe4 25.
Bxe4 Nf6 26. Rfe1 Rxd4 27. Rxd4 Rxd4 28. Bf3 Kf8 29. Re2 a5 30. g3 a4 31. Rc2 h5 32. h4 g6 33. Re2 Ne8 34. Re3 Nd6 35. b3 axb3 36. Rxb3 Ke7 37. Kg2 Kd7 38. Re3 b5 39.
Rc3 Rc4 40. Rd3 c5 41. Be2 Rc2 42. Kf3 c4 43. Re3 Nf5 44. Re5 Nd4+ 45. Kg2 Nxe2 46. Rxb5 c3 47. Kf1 Rd2 48. Rc5 0-1

[Event "*** Titled Tuesday Blitz"]
[Site "Chess.com"]
[Date "2019.05.07"]
[Round "7"]
[White "Lagmantr"]
[Black "Arystanner"]
[Result "0-1"]
[WhiteElo "2590"]
[BlackElo "2766"]
[TimeControl "180+2"]
[EndTime "14:41:05 PDT"]
[Termination "Arystanner won by checkmate"]

1. e4 e5 2. Nf3 Nc6 3. Nc3 Nf6 4. Be2 d5 5. exd5 Nxd5 6. O-O Nxc3 7. bxc3 Bd6 8. d4 exd4 9. cxd4 O-O 10. Rb1 Re8 11.
Bd3 Bg4 12. h3 Bxf3 13. Qxf3 Nxd4 14. Qxb7 Ne2+ 15. Kh1 Nxc1 16. Rfxc1 Qh4 17. Qf3 Rab8 18. Re1 Rxb1 19. Rxb1 g6 20. Rf1 Qd4 21. g3 c5 22.
Rd1 Qc3 23. Kg2 Be5 24. h4 Bd4 25. h5 Kg7 26. hxg6 hxg6 27. Qd5 Re6 28. Rh1 Rf6 29.
Rf1 Qd2 30. Kh3 Rxf2 31. Rxf2 Qxf2 32. Qg2 Qf6 33. Qe4 Be5 34. Bc4 Qg5 35. Qf3 f6 36. Qb7+ Kh6 37. Qf3 Qc1 38. Bd3 f5 39. g4 Qg1 40.
gxf5 Qh2+ 41. Kg4 Qh5# 0-1

[Event "*** Titled Tuesday Blitz"]
[Site "Chess.com"]
[Date "2019.05.07"]
[Round "7"]
[White "novocane"]
[Black "zurzan"]
[Result "1-0"]
[WhiteElo "2242"]
[BlackElo "1983"]
[TimeControl "180+2"]
[EndTime "14:41:07 PDT"]
[Termination "novocane won by resignation"]

1. d4 d6 2. c4 f5 3. Nc3 Nf6 4.
Bg5 Nbd7 5. Qc2 e6 6. e4 g6 7.
O-O-O h6 8. Bxf6 Qxf6 9. Nf3 Bg7 10. e5 Qf7 11. Nb5 O-O 12. Nxc7 dxe5 13. Nxa8 e4 14. Ne1 Nf6 15. Qa4 b6 16. Nc2 Bb7 17. Nxb6 axb6 18.
Qa7 Ra8 19. Qxb6 Rxa2 20. Qb3 Ra7 21. Be2 Kh7 22. h4 f4 23. Rhe1 Bc6 24. g3 f3 25. Bf1 Ng4 26. Rd2 Ba4 27. Qc3 Bxc2 28. Kxc2 e5 29. d5 e3 30. Rxe3 Nxe3+ 31. Qxe3 Rb7 32. h5 g5 33. Qe4+ Kh8 34. Bd3 Kg8 35. Rd1 Kf8 36. Ra1 Rb8 37. Ra6 Qb7 38. Qxf3+ Ke7 39.
d6+ Kd8 40. Qxb7 Rxb7 41. Be4 Rd7 42. c5 Ke8 43. Bg6+ Kf8 44. Ra8+ 1-0

[Event "*** Titled Tuesday Blitz"]
[Site "Chess.com"]
[Date "2019.05.07"]
[Round "7"]
[White "MITerryble"]
[Black "Msb2"]
[Result "0-1"]
[WhiteElo "2813"]
[BlackElo "2966"]
[TimeControl "180+2"]
[EndTime "14:41:12 PDT"]
[Termination "Msb2 won by checkmate"]

1. d4 d5 2. Nf3 Nf6 3. c4 c6 4. Nc3 dxc4 5. a4 Bf5 6. Ne5 Nbd7 7. Nxc4 Qc7 8. Qd2 g6 9. f3 Be6 10. e4 Bxc4 11. Bxc4 e5 12. dxe5 Nxe5 13. Be2 Bg7 14. Qe3 Rd8 15. f4 Neg4 16. Qg3 h5 17. h3 h4 18. Qf3 Nh6 19. Qf2 Qe7 20. e5 Nf5 21. O-O Ng3 22. Re1 Nd5 23. Bf3 Nb4 24. Qxa7 Nc2 25.
Be3 Nxa1 26. Rxa1 Bf8 27. a5 Qb4 28. Rb1 Nf5 29. Bb6 Nd4 30. Bxd8 Bc5 31. Qb8 O-O 32. Kh1 Ne6 33. Qc8 Rxd8 34. Qxd8+ Nxd8 35. Rd1 Ne6 36. Ne4 Bd4 37. a6 bxa6 38. Bg4 Nxf4 39. Nf6+ Kg7 40. Ne8+ Kh6 41. Nd6 Kg7 42. Ne8+ Kf8 43. Nf6 Bxe5 44.
Nd7+ Kg7 45. Nxe5 Qxb2 46. Nxc6 Qxg2# 0-1

[Event "*** Titled Tuesday Blitz"]
[Site "Chess.com"]
[Date "2019.05.07"]
[Round "7"]
[White "Casper_Schoppen"]
[Black "muran29"]
[Result "1-0"]
[WhiteElo "2702"]
[BlackElo "2486"]
[TimeControl "180+2"]
[EndTime "14:41:13 PDT"]
[Termination "Casper_Schoppen won on time"]

1. d4 d5 2. c4 e6 3. Nf3 Nf6 4. Nc3 Nbd7 5. Bg5 c6 6. e3 Qa5 7. Nd2 dxc4 8. Bxf6 Nxf6 9. Nxc4 Qc7 10.
g3 Be7 11. Bg2 O-O 12. O-O Bd7 13. Rc1 Rfd8 14. Qb3 Be8 15. Rfd1 Rac8 16. a3 Qb8 17. e4 h6 18. e5 Nd5 19. Ne4 b6 20. Ncd6 Bxd6 21.
Nxd6 Rxd6 22. exd6 Qxd6 23. h3 Bd7 24. Qd3 Rd8 25. Qa6 Qb8 26. Re1 Nc7 27. Qe2 Nb5 28. Red1 Be8 29. Qe5 Qd6 30. Qxd6 Rxd6 31. Rc4 e5 32. d5 c5 33. Re1 f6 34. f4 Nd4 35.
fxe5 fxe5 36. b4 Bb5 37. bxc5 bxc5 38. Rxc5 a6 39. Rxe5 Rf6 40. a4 Bxa4 41. Rc4 Bb5 42. Rxd4 a5 43. d6 1-0

[Event "*** Titled Tuesday Blitz"]
[Site "Chess.com"]
[Date "2019.05.07"]
[Round "7"]
[White "Komissarov_alex"]
[Black "Casablanca"]
[Result "0-1"]
[WhiteElo "2112"]
[BlackElo "2154"]
[TimeControl "180+2"]
[EndTime "14:41:13 PDT"]
[Termination "Casablanca won on time"]

1. d4 Nf6 2. Nf3 b6 3. Bf4 Bb7 4. e3 e6 5. Nbd2 Be7 6. h3 O-O 7. Bd3 c5 8. c3 Nc6 9. O-O d5 10. Ne5 Nxe5 11. Bxe5 Ne4 12. f3 Nxd2 13. Qxd2 Bd6 14.
Bxd6 Qxd6 15. f4 f6 16. Qf2 e5 17. fxe5 fxe5 18. Qg3 Rxf1+ 19. Rxf1 Re8 20. Rf5 Bc8 21. Rxe5 Rxe5 22. Qxe5 Qxe5 23. dxe5 Kf7 24. e4 Bb7 25. exd5 Bxd5 26. c4 Bc6 27. Kf2 g6 28. h4 Ke6 29. h5 gxh5 30. Bxh7 Kxe5 31. Kg3 h4+ 32. Kxh4 Bxg2 33. Kg3 Bf1 34. Bg8 Kd4 35. b3 Kc3 36. Kf4 Kb2 37. Ke5 Kxa2 38. Kd6 Kxb3 39. Kc7 Bxc4 40. Bh7 b5 41. Kb7 a5 42. Kb6 Kb4 0-1

[Event "*** Titled Tuesday Blitz"]
[Site "Chess.com"]
[Date "2019.05.07"]
[Round "7"]
[White "Simoncelli15"]
[Black "Gentlejimmy7"]
[Result "1-0"]
[WhiteElo "2292"]
[BlackElo "2469"]
[TimeControl "180+2"]
[EndTime "14:41:15 PDT"]
[Termination "Simoncelli15 won by checkmate"]

1. e4 c5 2. Nf3 e6 3. d4 cxd4 4. Nxd4 Nf6 5. Nc3 Nc6 6. Ndb5 Bc5 7. Nd6+ Ke7 8. Bf4 e5 9. Nf5+ Kf8 10. Bg5 d6 11. Bxf6 Qxf6 12. Nd5 Qd8 13. Nfe3 Be6 14.
Be2 g6 15. O-O Kg7 16. c3 f5 17. b4 Bxe3 18. Nxe3 fxe4 19. Bg4 Qd7 20. b5 Ne7 21. c4 Nf5 22. Nd5 Nd4 23. Bxe6 Qxe6 24. Re1 Rac8 25.
Rc1 Rhf8 26. Rxe4 Qf7 27. f3 Nxb5 28. Qd3 Nd4 29. Rce1 Rfe8 30. h4 b5 31. Rxd4 exd4 32. Qxd4+ Kh6 33. Qd2+ Kg7 34. Qd4+ Kh6 35. Qd2+ Kg7 36.
Qb2+ Re5 37. Rxe5 dxe5 38. Qxe5+ Kh6 39. Qg5+ Kg7 40. Qe5+ Kh6 41. g4 Qxf3 42. g5+ Kh5 43. Nf6+ Kxh4 44. Qh2+ Qh3 45. Qf4+ Qg4+ 46. Qxg4# 1-0

[Event "*** Titled Tuesday Blitz"]
[Site "Chess.com"]
[Date "2019.05.07"]
[Round "7"]
[White "superstructure"]
[Black "Keithonsky"]
[Result "0-1"]
[WhiteElo "2334"]
[BlackElo "2384"]
[TimeControl "180+2"]
[EndTime "14:41:19 PDT"]
[Termination "Keithonsky won by checkmate"]

1. Nf3 Nf6 2. c4 g6 3. Nc3 Bg7 4. e4 d6 5. d4 O-O 6. h3 Na6 7. Bd3 e5 8. d5 Nc5 9. Bc2 a5 10. g4 Nfd7 11. Be3 Nb6 12. Rg1 Nxc4 13. Bc1 Bd7 14.
b3 Nb6 15. h4 Qc8 16. Ng5 c6 17. h5 cxd5 18. Nxd5 Nxd5 19. exd5 Bb5 20. Be3 e4 21. Rc1 Bc3+ 22. Bd2 Bb2 23. Rb1 Bd4 24. Rc1 Qe8 25.
Be3 Bc3+ 26. Bd2 Nd3+ 27. Bxd3 exd3+ 28. Kf1 Bd4 29. Kg2 Qe2 30. Qxe2 dxe2 31. Nf3 Bb6 32. a4 Ba6 33. Rge1 Rac8 34. Ng1 Rfe8 35. Rxc8 Rxc8 36. Nxe2 Rc2 37. Rc1 Rxd2 38. h6 Kf8 39. Rc8+ Ke7 40. Ng3 Rxf2+ 41. Kh3 Rf3 42. Kg2 Rxb3 43. Rh8 Rb2+ 44.
Kh3 Rb3 45. Kg2 Bc4 46. Rxh7 Bxd5+ 47. Kh2 Rb2+ 48. Kh3 Bg2+ 49. Kh4 Bf3 50. Rh8 Rh2+ 51. Kg5 Be3# 0-1

[Event "*** Titled Tuesday Blitz"]
[Site "Chess.com"]
[Date "2019.05.07"]
[Round "7"]
[White "VeraNebolsina"]
[Black "annamaja"]
[Result "1-0"]
[WhiteElo "2368"]
[BlackElo "2163"]
[TimeControl "180+2"]
[EndTime "14:41:22 PDT"]
[Termination "VeraNebolsina won by resignation"]

1. e4 e6 2. d4 d5 3. exd5 exd5 4.
Nf3 Nf6 5. Bd3 Bd6 6. O-O O-O 7. h3 c6 8. c3 Nbd7 9. Re1 Qc7 10. Nbd2 b6 11. Nf1 c5 12. Bg5 Bf4 13. Bxf4 Qxf4 14. Qd2 Qxd2 15. N3xd2 Bb7 16. Ne3 g6 17. f3 Rfe8 18.
Kf2 Re6 19. g4 Rae8 20. h4 Nb8 21. Nc2 Nc6 22. Rxe6 Rxe6 23. dxc5 bxc5 24. b4 c4 25. Bf1 Ne5 26. Nd4 Re7 27. a4 Nfd7 28. a5 a6 29. g5 Nc6 30. Nxc6 Bxc6 31. f4 Nf8 32. Re1 Rxe1 33. Kxe1 Ne6 34. f5 gxf5 35. Nf3 Nf4 36. Nd4 Bd7 37. Kf2 f6 38. gxf6 Kf7 39. Kf3 Ne6 40. Nxf5 Kxf6 41. Ne3 Ke5 42. Ng4+ Kd6 43. Nf6 Bb5 44. Ke3 h6 45. Bh3 Ng7 46. Ng8 h5 47. Nh6 Ke7 48. Nf5+ Nxf5+ 49. Bxf5 Kf6 50. Kf4 Ba4 51. Bh3 d4 52. cxd4 c3 53. Ke3 c2 54.
Kd2 Ke7 55. Bf5 Kd6 56. Bxc2 Bb5 57. Bd3 Bc6 58. Bxa6 Kd5 59. b5 Ba8 60. b6 Kxd4 61. b7 Bxb7 62. Bxb7 Kc5 63. a6 Kb6 64. Ke3 1-0

[Event "*** Titled Tuesday Blitz"]
[Site "Chess.com"]
[Date "2019.05.07"]
[Round "7"]
[White "norwaytoadog"]
[Black "Perecke"]
[Result "1-0"]
[WhiteElo "2249"]
[BlackElo "2103"]
[TimeControl "180+2"]
[EndTime "14:41:22 PDT"]
[Termination "norwaytoadog won by resignation"]

1. e4 e5 2. Nf3 Nc6 3. Bb5 a6 4. Ba4 Nf6 5. d3 Be7 6. c3 b5 7. Bc2 d5 8. Qe2 O-O 9. Nbd2 Re8 10. h3 Bf8 11. Nf1 g6 12. g4 Bg7 13. Ng3 dxe4 14.
dxe4 b4 15. Be3 bxc3 16. bxc3 Qe7 17. O-O Bd7 18. Nh2 Kh8 19. g5 Ng8 20. Ng4 f5 21.
exf5 gxf5 22. Nxf5 Bxf5 23. Bxf5 e4 24. Qc4 Ne5 25. Qxe4 Nxg4 26. Qxg4 Bxc3 27. Rad1 Nh6 28. Bd4+ Bxd4 29. Qxd4+ Qe5 30. Qxe5+ Rxe5 31. Bc2 Rxg5+ 32. Kh2 Rh5 33. Rd7 Ng4+ 34. Kg3 Nf6 35. Rxc7 Rg8+ 36.
Kf3 Rxh3+ 37. Ke2 Re8+ 38. Kd2 Ra3 39. Bb3 Ne4+ 40. Kc2 Ra5 41. Rh1 Nf6 42. Rf7 Rc8+ 43. Kb2 Rc6 44. Rd1 Kg8 45. Rxf6+ Kg7 46. Rxc6 1-0

[Event "*** Titled Tuesday Blitz"]
[Site "Chess.com"]
[Date "2019.05.07"]
[Round "7"]
[White "stepanosinovsky"]
[Black "LiamVrolijk"]
[Result "1/2-1/2"]
[WhiteElo "2410"]
[BlackElo "2518"]
[TimeControl "180+2"]
[EndTime "14:41:29 PDT"]
[Termination "Game drawn by repetition"]

1. e4 e5 2. Nf3 Nc6 3. Bb5 Nf6 4. d3 Bc5 5. O-O d6 6. Nbd2 O-O 7. h3 Ne7 8. c3 Ng6 9. d4 Bb6 10. Bd3 Nh5 11.
Nc4 Nhf4 12. Bc2 Qf6 13. a4 Nxh3+ 14. gxh3 Bxh3 15. Nxb6 axb6 16. dxe5 dxe5 17. Nh2 Rad8 18.
Qh5 Bxf1 19. Kxf1 Nf4 20. Qf3 Qh4 21. Bxf4 exf4 22. Kg2 Rd6 23. Rh1 Rg6+ 24. Kf1 Qg5 25. e5 Rh6 26. Ng4 Rxh1+ 27. Qxh1 h5 28. Qe4 g6 29.
Nf6+ Kg7 30. Nd5 Rd8 31. Bb3 f3 32. Qxf3 Qxe5 33. Ne3 Qf6 34. Qxb7 h4 35. Qxc7 Rd2 36. Qh2 h3 37. Ng4 Qf3 38. Qe5+ Kf8 39. Qh8+ Ke7 40. Qe5+ Kf8 41. Qh8+ Ke7 42. Qe5+ Kd8 43. Qb8+ Ke7 44. Qe5+ 1/2-1/2

[Event "*** Titled Tuesday Blitz"]
[Site "Chess.com"]
[Date "2019.05.07"]
[Round "7"]
[White "Firouzja2003"]
[Black "spicycaterpillar"]
[Result "1-0"]
[WhiteElo "3068"]
[BlackElo "2826"]
[TimeControl "180+2"]
[EndTime "14:41:32 PDT"]
[Termination "Firouzja2003 won on time"]

1. e4 e5 2. Nf3 Nc6 3. Bb5 a6 4. Ba4 Nf6 5. O-O b5 6. Bb3 Bb7 7. d3 Be7 8. Nbd2 O-O 9. Re1 d6 10. c3 Na5 11. Bc2 c5 12. Nf1 Nc6 13. Ng3 Re8 14. d4 cxd4 15. cxd4 Nxd4 16. Nxd4 exd4 17. Nf5 Bf8 18. Qxd4 Rc8 19. Bd3 Nxe4 20. f3 Nc5 21. Rxe8 Qxe8 22. Bf1 Ne6 23. Qf2 d5 24. Be3 Qd7 25.
Rd1 Re8 26. Qg3 Kh8 27. h4 Qc7 28. Qf2 Rc8 29. Nd4 Nxd4 30. Bxd4 Bc5 31. Re1 Bxd4 32.
Qxd4 Kg8 33. Bd3 Qg3 34. Re7 Ba8 35. Qc5 Rf8 36. Re2 Qxh4 37. Qd6 Qf6 38. Bxh7+ Kxh7 39. Qxf8 Qd4+ 40. Kf1 Qd1+ 41. Kf2 Qd4+ 42. Kg3 Qd3 43. Qe7 Qg6+ 44. Kf2 1-0

[Event "*** Titled Tuesday Blitz"]
[Site "Chess.com"]
[Date "2019.05.07"]
[Round "7"]
[White "Shant_Sargsyan"]
[Black "GrigorGrigorov"]
[Result "1-0"]
[WhiteElo "2966"]
[BlackElo "2828"]
[TimeControl "180+2"]
[EndTime "14:41:37 PDT"]
[Termination "Shant_Sargsyan won by resignation"]

1. d4 Nf6 2. c4 e6 3. Nf3 b6 4. g3 Bb7 5. Bg2 Be7 6. O-O O-O 7. Re1 Ne4 8. d5 exd5 9. cxd5 Re8 10. Nc3 Nxc3 11. bxc3 Bf6 12. Qd3 Na6 13. e4 Nc5 14. Qc2 d6 15. Ba3 Qd7 16. Bxc5 bxc5 17. Rab1 Rab8 18. Bf1 c6 19. Qa4 Qc8 20. Qxa7 Bxc3 21.
Rec1 cxd5 22. Rxc3 dxe4 23. Rcb3 Ra8 24. Qxb7 Qf5 25. Nh4 Qf6 26. a3 g6 27. Qd5 Rad8 28. Rb7 Re5 29. Qc6 e3 30. Qf3 Qe6 31. fxe3 Rxe3 32.
Qf2 d5 33. Ng2 Re5 34. Nf4 Qd6 35. R1b6 Qf8 36. Nd3 Rf5 37. Qxc5 Qe8 38. Rb1 d4 39. Qc1 Rc8 40. Qd2 Rf3 41. Bh3 Rd8 42. Bg2 Re3 43. Nf4 d3 44. Nd5 Re2 45. Qxd3 Qe5 46. Rf1 Rxg2+ 47.
Kxg2 Rxd5 48. Qf3 Rd2+ 49. Rf2 1-0